 Dungeon Crawl Stone Soup version 0.31.0-11-ge490571c62 (webtiles) character file.

Game seed: 14132741328147169101

4 shadizar the Sneak (level 1, -5/14 HPs)
             Began as a Gargoyle Delver on Feb 3, 2024.
             Slain by an orc
             ... wielding a +0 trident
              (7 damage)
             ... on level 5 of the Dungeon.
             The game lasted 00:00:56 (123 turns).

shadizar the Sneak (Gargoyle Delver)                 Turns: 123, Time: 00:00:57

Health: -5/14      AC:  5    Str: 15    XL:     1   Next: 60%
Magic:  1/1        EV: 11    Int: 10    God:
Gold:   11         SH:  0    Dex: 11    Spells: 0/0 levels left

rFire   . . .        h - +2 flail (holy)
rCold   . . .        (no shield)
rNeg    + . .        b - +0 leather armour
rPois   ∞            (no helmet)
rElec   +            (no cloak)
rCorr   .            (no gloves)
SInv    .            (no boots)
Will    .....        (no amulet)
Stlth   +++          (no ring)
HPRegen 0.22/turn    (no ring)
MPRegen 0.07/turn

%: no passive effects
@: no status effects
A: sickness immunity, AC +2, negative energy resistance 1, electricity
resistance, torment resistance 1, petrification resistance
a: no special abilities


You were on level 5 of the Dungeon.
You visited 1 branch of the dungeon, and saw 1 of its levels.

You collected 11 gold pieces.

Inventory:

Hand Weapons
 a - a +0 mace
 h - a +2 flail of holy wrath (weapon)
Armour
 b - a +0 leather armour (worn)
 i - a +0 leather armour
Wands
 g - a wand of digging (3)
Scrolls
 c - a scroll of fog
 d - a scroll of revelation
 e - a scroll of fear
Potions
 f - a potion of haste


   Skills:
 + Level 3.3 Fighting
 + Level 2.1 Maces & Flails
 + Level 0.3 Armour
 + Level 1.6 Dodging
 - Level 5.4 Stealth


You couldn't memorise any spells.
You didn't know any spells.
Your spell library was empty.

Dungeon Overview and Level Annotations

Branches:
Dungeon (5/15)
 Temple: D:4-7

Altars:

Annotations:
D:5 Eustachio


Innate Abilities, Weirdness & Mutations

You are immune to sickness and miasma.
Your stone body is resilient. (AC +2)
You are immune to poison.
You resist negative energy. (rN+)
You are resistant to electric shocks. (rElec)
You are resistant to unholy torment.
You are immune to petrification.


Message History

h - a +2 flail of holy wrath
i - a +0 leather armour Your +2 flail of holy wrath softly glows with a divine radiance!
h - a +2 flail of holy wrath (weapon)
Unknown command.
Found a club.
A scorpion comes into view.
Found an ichor-stained scimitar.
The orc shouts!
The orc closely misses you.
You closely miss the orc. The orc barely misses you.
You hit the orc. You punch the orc.
The orc is heavily wounded.
The orc closely misses you.
You hit the orc but do no damage.
The orc is heavily wounded.
The orc hits you but does no damage. The orc barely misses you.
The orc hits you but does no damage.
You barely miss the orc.
The orc is heavily wounded.
The orc barely misses you. x2
You hit the orc.
The orc is heavily wounded.
The orc hits you from afar with a +0 trident.
The orc hits you with a +0 short sword.
You barely miss the orc.
The orc is heavily wounded.
The orc barely misses you. The orc completely misses you.
You sock the orc!
You kill the orc!
The orc hits you from afar with a +0 trident.
The orc hits you but does no damage. The orc attacks as it pursues you!
The orc hits you from afar with a +0 trident.
* * * LOW HITPOINT WARNING * * *
Things that are here:
a +0 short sword; a +0 ring mail The orc hits you with a +0 trident!
Ouch! That really hurt!
You die...

#..##...). #........ ... ...
#....#..###.######..#
##............#.......
.....................
...................
.###.###...?.............
#........@o...............
#......!.#.............$..
#........#.........>.##...
#........#..........## .#.
#........#...>.....## ...
########..................#####..
..#........##############....##..
.........#$# ###.##..#.#
...........############....##...#


You could see an orc.

Vanquished Creatures
  2 orcs (D:5)
2 creatures vanquished.

Notes
Turn   | Place    | Note
-------+----------+-------------------------------------------
     0 | D:5      | shadizar the Gargoyle Delver began the quest for the Orb.
     0 | D:5      | Reached XP level 1. HP: 14/14 MP: 1/1
     3 | D:5      | Noticed Eustachio
    94 | D:5      | Noticed a scorpion
   123 | D:5      | Slain by an orc

Illustrated notes

Levels and vault maps discovered:
D:5:      layout_rooms, okawaru_ov_weapons_minmay,
          hangedman_abyss_or_decor_stagger, uniq_eustachio

Action                     || total
---------------------------++-------
  Melee: Flail             ||     7
         Mace              ||     2
         Punch             ||     1
 Armour: Leather armour    ||     9
  Dodge: Dodged            ||     9
